 Dungeon Crawl Stone Soup version 0.26-a0-812-g31a745ddcd (webtiles) character file.

Game seed: 16748130723637476494

39 kae the Insei (level 3, -1/20 HPs)
             Began as a Tengu Transmuter on Nov 23, 2020.
             Slain by a kobold
             ... wielding a +0 short sword
              (5 damage)
             ... on level 1 of the Dungeon.
             The game lasted 00:00:52 (1307 turns).

kae the Insei (Tengu Transmuter)                    Turns: 1307, Time: 00:00:53

Health: -1/20      AC:  5    Str: 11    XL:     3   Next: 45%
Magic:  7/7        EV: 11    Int: 13    God:
Gold:   63         SH:  0    Dex: 14    Spells: 5/6 levels left

rFire    . . .     SeeInvis .   e - +0 spear
rCold    . . .     Faith    .   (no shield)
rNeg     . . .     Spirit   .   k - +0 ring mail
rPois    .         Reflect  .   (helmet currently unavailable)
rElec    .         Harm     .   (no cloak)
rCorr    .         Rampage  .   (no gloves)
MR       .....                  (boots unavailable)
Stlth    +.........             (no amulet)
HPRegen  0.06/turn              (no ring)
MPRegen  0.10/turn              (no ring)

@: appendages (expiring)
A: beak, horns 2, talons 3
a: End Transformation


You were on level 1 of the Dungeon.
You had grown temporary horns.
You visited 1 branch of the dungeon, and saw 2 of its levels.

You collected 63 gold pieces.

Inventory:

Hand Weapons
 e - a +0 spear (weapon)
Armour
 a - a +0 robe
 i - a +0 leather armour
 k - a +0 ring mail (worn)
Scrolls
 c - a scroll of identify {unknown}
 d - a scroll of fear {unknown}
 f - 3 scrolls of amnesia {unknown}
 h - a scroll of magic mapping {unknown}
Potions
 b - a potion of magic {unknown}
 g - a potion of might {unknown}
 j - a potion of degeneration {unknown}


   Skills:
 + Level 1.3 Fighting
 + Level 0.6 Armour
 + Level 2.4 Dodging
 * Level 3.7 Unarmed Combat
 + Level 2.2 Spellcasting
 * Level 2.1 Transmutations


You had 5 spell levels left.
You knew the following spells:

 Your Spells              Type           Power        Failure   Level
a - Beastly Appendage     Tmut           #.....       26%         1

Your spell library contained the following spells:

 Spells                   Type           Power        Failure   Level
 Wereblood                Tmut           #.......     36%         2
 Spider Form              Tmut/Pois      #.........   75%         3
 Ice Form                 Ice/Tmut       #.......     98%         4
 Blade Hands              Tmut           #.........   100%        5


Dungeon Overview and Level Annotations

Branches:
Dungeon (2/15)

Altars:
Elyvilon


Innate Abilities, Weirdness & Mutations

You have a beak for a mouth.
You have claws for feet.
You have a pair of horns on your head.


Message History

You barely miss the kobold.
The orc priest invokes the aid of Beogh against you.
Beogh smites you!
Ouch! That really hurt!
* * * LOW HITPOINT WARNING * * *
The kobold hits you but does no damage. The kobold hits you but does no damage.
You climb upwards.
There is a stone staircase leading down here.
You miss the kobold. The kobold hits you but does no damage.
You miss the kobold. Your kick misses the kobold.
Your transformation is almost over.
The kobold misses you.
You closely miss the kobold. You peck the kobold.
The kobold is heavily wounded.
The kobold hits you but does no damage.
You closely miss the kobold.
The kobold is heavily wounded.
The kobold hits you with a +0 short sword.
You die...

#.###.........................#
..#..........#....###.........#
..#.#................#.......##
..#.#........#................#
.......#.##...................#
..##...................)......#
...#.....#####.........)......#
......#### #................#
....#.# ###..@....#.......##
....).## ##...).K..###.....##
.......####..####)..#########
.......#.....# #......#
.##....#.....# #......#
.##..###.....# #......#
..#..###.....# #......##
.....##......# #.......#
...#.........####.......#


You could see a kobold.

Vanquished Creatures
  A gnoll (D:1)
  2 dart slugs (D:1)
  A leopard gecko (D:1)
  A giant cockroach (D:1)
  A goblin (D:1)
  5 hobgoblins (D:1)
  5 kobolds
  6 bats (D:1)
  2 rats
24 creatures vanquished.

Notes
Turn   | Place    | Note
-------+----------+-------------------------------------------
     0 | D:1      | kae the Tengu Transmuter began the quest for the Orb.
     0 | D:1      | Reached XP level 1. HP: 12/12 MP: 4/4
   117 | D:1      | Reached XP level 2. HP: 15/16 MP: 4/6
   484 | D:1      | Reached XP level 3. HP: 8/20 MP: 5/7
  1197 | D:1      | Found a white marble altar of Elyvilon.
  1307 | D:1      | Slain by a kobold

Illustrated notes

Levels and vault maps discovered:
D:1:      sevenhm_arrival_forest_fort_small_6, layout_rooms
D:2:      layout_rooms

Skill      XL: |  1  2 |
---------------+-------+-----
Transmutations | 2 |  2.1
Fighting       | |  1.3
Armour         | |  0.6
Dodging        | |  2.4
Unarmed Combat | |  3.7
Spellcasting   | |  2.2

Action                   || total
-------------------------++-------
Melee: Unarmed           ||    28
       Kick              ||     8
       Peck              ||     8
       Spear             ||    44
       Headbutt          ||     4
 Cast: Beastly Appendage ||    13
Armor: Robe              ||    15
       Ring mail         ||     6
Dodge: Dodged            ||    56

Table legend: (Time is in decaauts)
 A = Elapsed time spent in this place.
 B = Non-inter-level travel time spent in this place.
 C = Inter-level travel time spent in this place.
 D = Time resting spent in this place.
 E = Time spent auto-exploring this place.
 F = Levels seen in this place.
 G = Mean time per level.
                   A        B        C        D        E       F      G
               +--------+--------+--------+--------+--------+-----+--------+
         Total |   1309 |   1294 |     15 |    238 |    831 |   2 |  654.5 |
       Dungeon |   1309 |   1294 |     15 |    238 |    831 |   2 |  654.5 |
               +--------+--------+--------+--------+--------+-----+--------+

Top non-repeatable levels by time:
     D:1: 1280 daAuts
     D:2: 28 daAuts
